 Dungeon Crawl Stone Soup version 0.32-a0-43-g058985b245 (webtiles) character file.

Game seed: 13399310189333198940

3845 jlumianski the Grappler (level 10, -4/76 HPs)
             Began as a Gnoll Shapeshifter on Feb 3, 2024.
             Was an Initiate of Wu Jian.
             Slain by a killer bee (5 damage)
             ... on level 7 of the Dungeon.
             The game lasted 00:41:09 (9440 turns).

jlumianski the Grappler (Gnoll Shapeshifter)        Turns: 9440, Time: 00:41:12

Health: -4/76      AC:  9    Str: 15    XL:     10   Next: 18%
Magic:  16/17      EV: 13    Int: 10    God:    Wu Jian [......]
Gold:   204        SH:  0    Dex: 12    Spells: 14/19 levels left

rFire   . .          .
                       - Unarmed
rCold   . . .        (no shield)
rNeg    + + +        z - +3 ring mail of Piem {Fly rN+++ Int-2}
rPois   +            (helmet currently unavailable)
rElec   .            (cloak currently unavailable)
rCorr   .            (gloves currently unavailable)
SInv    .            (boots currently unavailable)
Will    .....        (no amulet)
Stlth   ++           E - ring of wizardry
HPRegen 0.32/turn    l - ring of poison resistance
MPRegen 0.15/turn

%: wizardry (x1)
@: about to teleport, beast-form, flying
A: beast (slay +4), fangs 1, strong nose, distributed training
a: Begin Untransformation, Renounce Religion


You were on level 7 of the Dungeon.
You worshipped Wu Jian.
Wu Jian was noncommittal.
You were a hulking beast.
You visited 2 branches of the dungeon, and saw 9 of its levels.
You also visited: Sewer.

You collected 364 gold pieces.
You spent 160 gold pieces at shops.

Inventory:

Hand Weapons
 I - a +4 quarterstaff of chaos
Missiles
 j - 6 javelins (quivered)
 q - 30 poisoned darts
 C - 6 darts of dispersal
 H - a throwing net
Armour
 a - a +0 animal skin
 g - a +0 scale mail
 r - a +0 plate armour
 z - the +3 ring mail of Piem (worn) {Fly rN+++ Int-2}
   (You found it on level 3 of the Dungeon)

   Int-2:     It affects your intelligence (-2).
   rN+++:     It renders you almost immune to negative energy.
   Fly:       It grants you flight.
 A - a +0 pair of boots
 J - a +0 cloak
 P - +0 ice dragon scales
Magical Staves
 M - a staff of fire
Jewellery
 e - a ring of protection from fire
 l - a ring of poison resistance (right hand)
 D - a ring of resist corrosion
 E - a ring of wizardry (left hand)
Talismans
 c - a beast talisman
 d - a flux talisman
Wands
 y - a wand of charming (10)
 B - a wand of flame (39)
 K - a wand of polymorph (2)
 L - a wand of roots (8)
Scrolls
 b - 2 scrolls of fog
 f - a scroll of teleportation
 n - a scroll of poison
 o - a scroll of noise
 p - 2 scrolls of immolation {unknown}
 t - 2 scrolls of brand weapon
 w - 2 scrolls of fear {unknown}
 Q - a scroll of vulnerability
 R - a scroll of silence {unknown}
Potions
 h - a potion of brilliance
 i - a potion of curing
 k - a potion of cancellation
 m - 3 potions of berserk rage
 s - 2 potions of haste {unknown}
 u - 4 potions of heal wounds
 v - a potion of mutation
 x - a potion of ambrosia {unknown}
 F - a potion of attraction
 G - 2 potions of resistance {unknown}
 N - a potion of might {unknown}
 O - a potion of invisibility {unknown}


   Skills:
 + Level 5.9 Fighting
 + Level 5.2 Short Blades
 + Level 5.2 Long Blades
 + Level 5.2 Axes
 + Level 5.2 Maces & Flails
 + Level 5.2 Polearms
 + Level 5.2 Staves
 + Level 5.2 Ranged Weapons
 + Level 5.2 Throwing
 + Level 5.2 Armour
 + Level 7.0 Dodging
 + Level 5.2 Stealth
 + Level 5.2 Shields
 + Level 8.5 Unarmed Combat
 + Level 5.2 Spellcasting
 + Level 4.3 Conjurations
 + Level 4.3 Hexes
 + Level 4.3 Summonings
 + Level 4.3 Necromancy
 + Level 4.3 Translocations
 + Level 4.3 Fire Magic
 + Level 4.3 Ice Magic
 + Level 4.3 Air Magic
 + Level 4.3 Earth Magic
 + Level 4.3 Alchemy
 + Level 5.7 Invocations
 + Level 5.2 Evocations
 + Level 8.2 Shapeshifting


You had 14 spell levels left.
You knew the following spells:

 Your Spells              Type           Power      Damage    Failure   Level
a - Magic Dart            Conj           44%        1d5       2%          1
b - Blink                 Tloc           22%        N/A       4%          2
c - Call Imp              Summ           22%        N/A       4%          2

Your spell library contained the following spells:

 Spells                   Type           Power      Damage    Failure   Level
 Gell's Gravitas          Tloc           11%        N/A       9%          3
 Teleport Other           Tloc           11%        N/A       9%          3
 Dispersal                Tloc           5%         N/A       98%         6


Dungeon Overview and Level Annotations

Branches:
Dungeon (8/15)             Temple (1/1) D:7           Sewer (visited)
   Lair: D:8-11

Altars:
Ashenzari
Cheibriados
Dithmenos
Elyvilon
Fedhas
Gozag
Hepliaklqana
Kikubaaqudgha
Makhleb
Nemelex Xobeh
Okawaru
Qazlal
Ru
Sif Muna
Trog
Uskayaw
Vehumet
Wu Jian
Xom
Yredelemnul
Zin
The Shining One

Shops:
D:2 !   D:5 =


Innate Abilities, Weirdness & Mutations

You are a hulking beast.
Your limbs bulge with bestial killing power. (Slay +4)
You have very sharp teeth.
Your uncanny sense of smell can sniff out nearby items.
Your experience applies equally to all skills.


Message History

Your killer bee stings something.
Something misses your killer bee. The killer bee stings your killer bee.
Your killer bee dies!
The killer bee stings you but does no damage.
The killer bee attacks as it pursues you!
The killer bee closely misses you. x2; The killer bee misses you.
Casting: Blink (safe; 4% risk of failure)
Confirm with . or Enter, or press ? or * to list all spells.
A tiny devil pulls itself out of the air.
The killer bee barely misses you. The killer bee stings you.
* * * LOW HITPOINT WARNING * * *
The killer bee barely misses you. The killer bee closely misses you.
The killer bee stings you but does no damage.
The killer bee barely misses you.
Your cerulean imp hits the black bear but does no damage.
The killer bee attacks as it pursues you!
The killer bee closely misses you. The killer bee barely misses you.
The killer bee misses you.
Your cerulean imp barely misses the black bear.
The killer bee attacks as it pursues you!
The killer bee stings you.
* * * LOW HITPOINT WARNING * * *
The killer bee barely misses you. The killer bee stings you.
* * * LOW HITPOINT WARNING * * *
You are poisoned.
The killer bee poisons you!
You feel better. The killer bee stings you.
* * * LOW HITPOINT WARNING * * *
The killer bee barely misses you. The killer bee closely misses you.
The killer bee stings you.
* * * LOW HITPOINT WARNING * * *
Your cerulean imp barely misses the black bear.
As you read the scroll of teleportation, it crumbles to dust.
You feel strangely unstable. The killer bee stings you.
* * * LOW HITPOINT WARNING * * *
The killer bee stings you but does no damage.
The killer bee stings you.
* * * LOW HITPOINT WARNING * * *
The killer bee stings you.
You die...

######..# ####
#.. #..####.##
##. ##........##
#. #..........##
#. #...........##
#.
#.........#..##
##.
#.....รท..###..##
##.. ##.......#
##..# ##...
#......## ##h##
##.... ##.....#
#yy## ###.....
##...## ##h.##
##....... #####
##..## ##........
##5.###.y.......
##..#(..#......
##......#......
#..###.........
#### ######....


You could see a black bear (ally target), 2 killer bees and a friendly cerulean
imp (summoned).

Vanquished Creatures
  Grinder (D:3)
  A hornet (D:7)
  Sigmund (D:2)
  5 yaks
  A sky beast (D:6)
  3 ogres
  A centaur (D:7)
  A phantom (D:4)
  2 kobold brigands (Sewer)
  2 brain worms (Sewer)
  2 bullfrogs
  2 scorpions
  4 wights
  2 killer bees (D:7)
  3 bombardier beetles (D:3)
  2 howler monkeys
  5 orc priests
  2 hounds
  4 jellies
  2 gnoll boudas (D:5)
  An iguana (D:5)
  A sleepcap (D:7)
  An orc wizard (D:5)
  21 gnolls
  13 adders
  3 river rats (Sewer)
  3 shadow imps
  2 dart slugs
  3 ribbon worms (D:5)
  12 orcs
  17 endoplasms
  3 giant cockroaches
  9 goblins
  10 hobgoblins
  A jackal (Sewer)
  14 kobolds
  4 quokkas
  8 ball pythons
  10 bats
  2 frilled lizards
  15 rats
199 creatures vanquished.

Vanquished Creatures (collateral kills)
  A wight (D:5)
  Crazy Yiuf (D:5)
  An orc wizard (D:5)
  3 gnolls
  2 orcs (D:6)
  A ball python (D:4)
9 creatures vanquished.

Vanquished Creatures (others)
  A killer bee (D:7)
1 creature vanquished.

Grand Total: 209 creatures vanquished

Notes
Turn   | Place    | Note
-------+----------+-------------------------------------------
     0 | D:1      | jlumianski the Gnoll Shapeshifter began the quest for the
                  | Orb.
     0 | D:1      | Reached XP level 1. HP: 17/17 MP: 1/1
   120 | D:1      | Reached XP level 2. HP: 20/23 MP: 2/2
   376 | D:1      | Reached XP level 3. HP: 28/28 MP: 3/3
   684 | D:1      | Reached skill level 1 in Invocations
   812 | D:2      | Reached skill level 1 in Short Blades
   812 | D:2      | Reached skill level 1 in Long Blades
   812 | D:2      | Reached skill level 1 in Axes
   812 | D:2      | Reached skill level 1 in Maces & Flails
   812 | D:2      | Reached skill level 1 in Polearms
   812 | D:2      | Reached skill level 1 in Staves
   812 | D:2      | Reached skill level 1 in Ranged Weapons
   812 | D:2      | Reached skill level 1 in Throwing
   812 | D:2      | Reached skill level 1 in Armour
   812 | D:2      | Reached skill level 1 in Stealth
   812 | D:2      | Reached skill level 1 in Shields
   812 | D:2      | Reached skill level 1 in Spellcasting
   812 | D:2      | Reached skill level 1 in Evocations
   902 | D:2      | Reached XP level 4. HP: 34/34 MP: 5/5
   956 | D:2      | Noticed Sigmund
   972 | D:2      | Killed Sigmund
   973 | D:2      | Reached skill level 1 in Conjurations
   973 | D:2      | Reached skill level 1 in Hexes
   973 | D:2      | Reached skill level 1 in Summonings
   973 | D:2      | Reached skill level 1 in Necromancy
   973 | D:2      | Reached skill level 1 in Translocations
   973 | D:2      | Reached skill level 1 in Fire Magic
   973 | D:2      | Reached skill level 1 in Ice Magic
   973 | D:2      | Reached skill level 1 in Air Magic
   973 | D:2      | Reached skill level 1 in Earth Magic
   973 | D:2      | Reached skill level 1 in Alchemy
   973 | D:2      | Reached XP level 5. HP: 41/41 MP: 5/7
   978 | D:2      | Reached XP level 6. HP: 47/47 MP: 5/8
  1072 | D:2      | Found Henem's Distillery.
  1081 | D:2      | Bought a potion of heal wounds for 50 gold pieces
  1151 | D:3      | Reached skill level 5 in Dodging
  1201 | D:3      | Noticed Grinder
  1201 | D:3      | Paralysed by Grinder for 2 turns
  1212 | D:3      | Killed Grinder
  1213 | D:3      | Reached XP level 7. HP: 30/52 MP: 10/10
  1353 | D:5      | Entered Level 5 of the Dungeon
  1710 | D:5      | Found a glowing drain.
  1714 | Sewer    | Entered a sewer
  1952 | Sewer    | Reached XP level 8. HP: 50/60 MP: 8/12
  3569 | D:3      | Found a faded altar of an unknown god.
  3611 | D:3      | Found a white marble altar of Elyvilon.
  3754 | D:3      | Identified the +3 ring mail of Piem {Fly rN+++ Int-2}
  4242 | D:4      | Found a snail-covered altar of Cheibriados.
  4242 | D:4      | Found a sacrificial altar of Ru.
  4242 | D:4      | Found an iron altar of Okawaru.
  4242 | D:4      | Found a bloodstained altar of Trog.
  4242 | D:4      | Found an iron altar of Okawaru.
  4242 | D:4      | Found a snail-covered altar of Cheibriados.
  4518 | D:5      | Learned a level 1 spell: Magic Dart
  4521 | D:5      | Learned a level 2 spell: Blink
  4524 | D:5      | Learned a level 2 spell: Call Imp
  5001 | D:2      | Bought a potion of heal wounds for 50 gold pieces
  5001 | D:2      | Bought a potion of curing for 30 gold pieces
  5001 | D:2      | Bought a potion of attraction for 30 gold pieces
  5236 | D:5      | Found a runed translucent door.
  5237 | D:5      | Noticed Crazy Yiuf
  5302 | D:5      | Reached XP level 9. HP: 60/66 MP: 14/14
  5755 | D:5      | Found Igeat's Jewellery Emporium.
  6313 | D:5      | Killed Crazy Yiuf
  6682 | D:6      | Reached skill level 5 in Fighting
  7345 | D:6      | Reached skill level 5 in Invocations
  8244 | D:7      | Noticed a hornet
  8251 | D:7      | Killed a hornet
  8252 | D:7      | Reached skill level 5 in Short Blades
  8252 | D:7      | Reached skill level 5 in Long Blades
  8252 | D:7      | Reached skill level 5 in Axes
  8252 | D:7      | Reached skill level 5 in Maces & Flails
  8252 | D:7      | Reached skill level 5 in Polearms
  8252 | D:7      | Reached skill level 5 in Staves
  8252 | D:7      | Reached skill level 5 in Ranged Weapons
  8252 | D:7      | Reached skill level 5 in Throwing
  8252 | D:7      | Reached skill level 5 in Armour
  8252 | D:7      | Reached skill level 5 in Stealth
  8252 | D:7      | Reached skill level 5 in Shields
  8252 | D:7      | Reached skill level 5 in Spellcasting
  8252 | D:7      | Reached skill level 5 in Evocations
  8252 | D:7      | Reached XP level 10. HP: 62/76 MP: 12/17
  8375 | D:8      | Noticed a two-headed ogre
  8646 | D:7      | Found a staircase to the Ecumenical Temple.
  8658 | Temple   | Entered the Ecumenical Temple
  8682 | Temple   | Became a worshipper of the Wu Jian Council
  9440 | D:7      | HP: 1/76 [killer bee (5)]
  9440 | D:7      | Slain by a killer bee

Illustrated notes

Levels and vault maps discovered:
D:1:      lemuel_arrival_room, layout_loops_ring
D:2:      layout_basic, serial_shops, nicolae_shop_industrial_runoff,
          minmay_pentomino_z2, uniq_sigmund
D:3:      layout_loops_cross, lemuel_round_altar,
          shapermc_ecumenical_altar_ellora, uniq_grinder
D:4:      cheibrodos_fertilizer, layout_basic, palyth_stone_intersect,
          minmay_cut_off
D:5:      layout_basic, serial_shops, nicolae_shop_trees,
          gup_sewer_entry_spiral, hangedman_abyss_or_decor_stagger,
          uniq_crazy_yiuf_cottage
D:6:      layout_cave_pools
D:7:      layout_cave_pods, minmay_temple_entry_proselytizer
D:8:      layout_rooms, minmay_lair_entry_lava
Temple:   regret_index_temple_sigil_plot

Skill      XL: |  1  2  3  4  5  6  7  8  9 10 |
---------------+-------------------------------+-----
Invocations    | 1 2 3 4 5 |  5.7
Short Blades   | 1 2 3 5 |  5.2
Long Blades    | 1 2 3 5 |  5.2
Axes           | 1 2 3 5 |  5.2
Maces & Flails | 1 2 3 5 |  5.2
Polearms       | 1 2 3 5 |  5.2
Staves         | 1 2 3 5 |  5.2
Ranged Weapons | 1 2 3 5 |  5.2
Throwing       | 1 2 3 5 |  5.2
Armour         | 1 2 3 5 |  5.2
Stealth        | 1 2 3 5 |  5.2
Shields        | 1 2 3 5 |  5.2
Spellcasting   | 1 2 3 5 |  5.2
Evocations     | 1 2 3 5 |  5.2
Fighting       | 3 4 5 |  5.9
Conjurations   | 1 2 3 4 |  4.3
Hexes          | 1 2 3 4 |  4.3
Summonings     | 1 2 3 4 |  4.3
Necromancy     | 1 2 3 4 |  4.3
Translocations | 1 2 3 4 |  4.3
Fire Magic     | 1 2 3 4 |  4.3
Ice Magic      | 1 2 3 4 |  4.3
Air Magic      | 1 2 3 4 |  4.3
Earth Magic    | 1 2 3 4 |  4.3
Alchemy        | 1 2 3 4 |  4.3
Dodging        | 5 6 7 |  7.0
Unarmed Combat | 7 8 |  8.5
Shapeshifting  | 7 8 |  8.2

Action                     |  1- 3 |  4- 6 |  7- 9 | 10-12 || total
---------------------------+-------+-------+-------+-------++-------
  Melee: Unarmed           |    60 |    44 |   493 |    33 ||   630
         Bite              |     5 |     3 |    46 |     3 ||    57
         Punch             |     2 |     1 |    29 |     3 ||    35
  Throw: Javelin           |       |     3 |     5 |       ||     8
   Cast: Call Imp          |       |       |    34 |    11 ||    45
         Magic Dart        |       |       |     2 |     6 ||     8
         Blink             |       |       |     1 |     1 ||     2
Ability: Lunge             |       |       |       |     2 ||     2
  Evoke: Wand              |       |       |       |     1 ||     1
    Use: Potion            |       |     1 |     2 |     1 ||     4
         Scroll            |       |       |    11 |     3 ||    14
   Stab: Distracted        |       |       |     3 |       ||     3
         Sleeping          |       |       |     1 |     1 ||     2
 Armour: Scale mail        |    30 |    15 |    23 |       ||    68
         Skin              |       |     6 |       |       ||     6
         Plate armour      |       |       |   109 |       ||   109
         Ring mail         |       |       |   161 |    58 ||   219
  Dodge: Dodged            |    35 |    22 |   187 |    53 ||   297

Table legend: (Time is in decaauts)
 A = Elapsed time spent in this place.
 B = Non-inter-level travel time spent in this place.
 C = Inter-level travel time spent in this place.
 D = Time resting spent in this place.
 E = Time spent auto-exploring this place.
 F = Levels seen in this place.
 G = Mean time per level.
                   A        B        C        D        E       F      G
               +--------+--------+--------+--------+--------+-----+--------+
         Total |   9634 |   9410 |    224 |    993 |   5034 |  10 |  963.4 |
       Dungeon |   8566 |   8342 |    224 |    993 |   4545 |   8 | 1070.8 |
        Temple |     42 |     42 |      0 |      0 |      0 |   1 |   42.0 |
         Sewer |   1025 |   1025 |      0 |      0 |    488 |   1 | 1025.0 |
               +--------+--------+--------+--------+--------+-----+--------+

Top non-repeatable levels by time:
     D:5: 2361 daAuts
     D:6: 1314 daAuts
     D:7: 1170 daAuts
     D:4: 1150 daAuts
   Sewer: 1025 daAuts
     D:2: 983 daAuts
     D:3: 798 daAuts
     D:1: 751 daAuts
  Temple: 42 daAuts
     D:8: 36 daAuts
